 Dungeon Crawl Stone Soup version 0.26.1-11-gd32895ea62 (webtiles) character file.

Game seed: 14351233208196397082

14779 tuca1 the Severer (level 12, -4/106 HPs)
             Began as a Hill Orc Fighter on June 6, 2021.
             Was an Elder of Qazlal.
             Slain by a very large slime creature (54 damage)
             ... on level 12 of the Dungeon on June 13, 2021.
             The game lasted 00:30:46 (13144 turns).

tuca1 the Severer (Hill Orc Fighter)               Turns: 13144, Time: 00:30:46

Health: -4/106     AC: 21    Str: 27    XL:     12   Next: 20%
Magic:  12/12      EV: 13    Int:  8    God:    Qazlal [****..]
Gold:   167        SH:  5    Dex: 10    Spells: 8/11 levels left

rFire    . . .     SeeInvis .   W - +4 battleaxe
rCold    . . .     Faith    .   (shield currently unavailable)
rNeg     . . .     Spirit   .   O - +1 ring mail of Patience {Rampage Str+3}
rPois    +         Reflect  .   b - +0 helmet
rElec    .         Harm     .   K - +1 cloak
rCorr    .         Rampage  +   l - +1 pair of gloves
Will     .....                  G - +2 pair of boots
Stlth    +.........             Q - amulet of the acrobat
HPRegen  0.27/turn              n - ring of poison resistance
MPRegen  0.13/turn              A - +4 ring of protection

@: repel missiles
A: no striking features
a: Renounce Religion, Upheaval, Elemental Force


You were on level 12 of the Dungeon.
You worshipped Qazlal.
Qazlal was greatly pleased with you.
You visited 1 branch of the dungeon, and saw 12 of its levels.

You collected 1361 gold pieces.
You spent 1194 gold pieces at shops.

Inventory:

Hand Weapons
 M - a +1 war axe of venom
 W - a +4 battleaxe (weapon)
Missiles
 i - 8 boomerangs
 w - 8 javelins (quivered)
 L - a throwing net
 U - 7 curare-tipped darts
Armour
 b - a +0 helmet (worn)
 c - +0 acid dragon scales
 l - a +1 pair of gloves (worn)
 G - a +2 pair of boots (worn)
 K - a +1 cloak (worn)
 O - the +1 ring mail of Patience (worn) {Rampage Str+3}
   (You found it on level 10 of the Dungeon)

   It affects your strength (+3).
   It bestows one free step when moving towards enemies.
Jewellery
 g - an uncursed amulet of magic regeneration
 n - a ring of poison resistance (left hand)
 A - a +4 ring of protection (right hand)
 P - an uncursed ring of flight
 Q - an amulet of the acrobat (around neck)
 V - the ring "Wuhaxapp" {Ice *Drain +Blink Dex+4}
   (You took it off a kobold demonologist on level 12 of the Dungeon)

   [ring of ice]

   It enhances your ice magic.
   It affects your dexterity (+4).
   It makes you vulnerable to fire.
   It protects you from cold.
   It lets you blink.
   It causes draining when unequipped.
Wands
 d - a wand of random effects (23)
 E - a wand of acid (7)
 F - a wand of digging (9)
 I - a wand of iceblast (9)
Scrolls
 e - 9 scrolls of identify
 f - 2 scrolls of fear {unknown}
 h - 2 scrolls of fog {unknown}
 k - a scroll of remove curse
 o - a scroll of enchant armour {unknown}
 r - a scroll of blinking
 s - 7 scrolls of teleportation {unknown}
 u - 3 scrolls of noise {unknown}
 v - 3 scrolls of amnesia {unknown}
 x - 3 scrolls of immolation
 y - a scroll of vulnerability {unknown}
 D - 2 scrolls of summoning
 J - a scroll of magic mapping {unknown}
Potions
 j - 3 potions of ambrosia
 m - a potion of berserk rage
 p - 3 potions of lignification {unknown}
 q - 4 potions of degeneration
 t - 2 potions of haste {unknown}
 z - 2 potions of heal wounds
 B - 2 potions of flight {unknown}
 C - 3 potions of mutation {unknown}
 H - 3 potions of curing
 N - 2 potions of might
Miscellaneous
 a - a lightning rod (4/4)
 S - a condenser vane (inert)


   Skills:
 + Level 10.0 Fighting
 + Level 15.1 Axes
 + Level 8.2 Armour
 + Level 5.1 Dodging
 + Level 2.2 Stealth
 + Level 10.1 Shields
 + Level 2.3 Evocations


You had 8 spell levels left.
You knew the following spells:

 Your Spells              Type           Power        Failure   Level
a - Summon Guardian Gole  Hex/Summ       0%           88%         3

Your spell library contained the following spells:

 Spells                   Type           Power        Failure   Level
 Summon Small Mammal      Summ           0%           52%         1
 Call Imp                 Summ           0%           67%         2
 Call Canine Familiar     Summ           0%           88%         3
 Summon Ice Beast         Ice/Summ       0%           99%         4
 Summon Lightning Spire   Summ/Air       0%           99%         4
 Irradiate                Conj/Tmut      0%           100%        5
 Hydra Form               Tmut           0%           100%        6
 Statue Form              Tmut/Erth      0%           100%        6
 Dragon Form              Tmut           0%           100%        7


Dungeon Overview and Level Annotations

Branches:
Dungeon (12/15)            Temple (0/1) D:7            Lair (0/6) D:8
    Orc (0/2) D:12

Altars:
Ashenzari
Cheibriados
Elyvilon
Gozag
Qazlal
Ru
Uskayaw
The Shining One

Shops:
D:9 *   D:10 =   D:11 ?   D:12 :

Annotations:
D:5 Prince Ribbit
D:12 1 runed translucent door, Sverke's ghost, journeyman FoFi


Message History

The large slime creature is moderately wounded.
Two slime creatures merge to form a very large slime creature.
Unknown command.
You slash the very large slime creature!
The very large slime creature is moderately wounded.
Unknown command.
You hit the very large slime creature.
The very large slime creature is moderately wounded.
The very large slime creature hits you but does no damage.
Unknown command.
You slice the very large slime creature!!
The very large slime creature is heavily wounded.
The very large slime creature is no longer covered in acid.
The very large slime creature completely misses you.
Unknown command.
You slash the very large slime creature!
The very large slime creature is heavily wounded.
The very large slime creature hits you!!!
Ouch! That really hurt!
You die...

.....)[)))...=..#.....####...###
.....)#.#.#.#.#........#...###
......#########......#...###
......#############....###.
......#.......####...###.J
......#......###...### J.
.................### .#
...............###.##..##..
#####........#..@J°.)......
#........#.###...#.....
#........#...###....##.
#..............###....
#.....#####...(..###...
#####.....# ###......###.
..........# ###.[....###
..........# ###......###
..........# ######...###


You could see a very large slime creature.

Vanquished Creatures
  A hydra (D:12)
  4 two-headed ogres
  2 unseen horrors (D:12)
  A cyclops (D:12)
  A wolf spider (D:12)
  An elephant (D:8)
  Joseph (D:9)
  A komodo dragon (shapeshifter) (D:12)
  Maggie (D:7)
  A kobold demonologist (D:12)
  A yaktaur (D:10)
  An efreet (D:12)
  A troll (D:9)
  A merfolk (D:9)
  A slime creature (D:12)
  2 shadows
  2 wyverns
  Sigmund (D:5)
  2 basilisks (D:8)
  A neqoxec (D:5)
  A yak (D:9)
  Edmund (D:5)
  An acid dragon (D:12)
  A water moccasin (D:9)
  3 orc warriors
  3 ice beasts
  A sky beast (D:12)
  A black bear (D:5)
  A necrophage (D:8)
  6 ogres
  5 centaurs
  A gnoll sergeant (D:12)
  9 bullfrogs
  2 scorpions
  6 killer bees
  5 wights (D:12)
  7 howler monkeys
  2 centaur zombies
  2 bullfrog zombies
  4 jellies
  A quasit (D:10)
  7 hounds
  5 orc priests
  8 orc wizards
  8 iguanas
  2 bullfrog skeletons
  2 centaur skeletons
  10 worker ants
  Natasha (twice) (D:3)
  A hound zombie (D:8)
  A hound skeleton (D:8)
  A worker ant zombie (D:5)
  14 adders
  4 gnolls
  A shadow imp (D:7)
  2 white imps
  3 ufetubi
  An ooze (D:2)
  3 adder zombies
  2 adder skeletons
  A worm (D:4)
  3 dart slugs
  8 leopard geckos
  29 orcs
  3 ball pythons
  6 giant cockroaches
  9 goblins
  5 hobgoblins
  13 jackals
  7 kobolds
  5 quokkas
  9 bats
  8 frilled lizards
  2 jackal skeletons (D:5)
  A jackal zombie (D:7)
  A leopard gecko skeleton (D:8)
  2 quokka zombies
  2 rats (D:3)
281 creatures vanquished.

Vanquished Creatures (others)
  2 plants (D:8)
2 creatures vanquished.

Grand Total: 283 creatures vanquished

Notes
Turn   | Place    | Note
-------+----------+-------------------------------------------
     0 | D:1      | tuca1 the Hill Orc Fighter began the quest for the Orb.
     0 | D:1      | Reached XP level 1. HP: 19/19 MP: 1/1
   200 | D:1      | Reached XP level 2. HP: 27/27 MP: 2/2
   327 | D:1      | Reached skill level 3 in Axes
   610 | D:1      | Reached XP level 3. HP: 33/33 MP: 3/3
  1069 | D:2      | Found a snail-covered altar of Cheibriados.
  1069 | D:2      | Found a broken altar of Ashenzari.
  1489 | D:2      | Reached XP level 4. HP: 40/40 MP: 4/4
  2102 | D:3      | Reached skill level 4 in Axes
  2114 | D:3      | Reached XP level 5. HP: 30/47 MP: 5/5
  2380 | D:3      | Noticed Natasha
  2389 | D:3      | Killed Natasha
  2471 | D:3      | Found an opulent altar of Gozag.
  2672 | D:3      | Noticed Natasha
  2677 | D:3      | Killed Natasha
  3047 | D:4      | Reached skill level 5 in Axes
  3047 | D:4      | Reached XP level 6. HP: 53/53 MP: 6/6
  3306 | D:4      | Reached skill level 5 in Shields
  3630 | D:4      | Found a hide-covered altar of Uskayaw.
  3633 | D:4      | Found a white marble altar of Elyvilon.
  3638 | D:4      | Found a stormy altar of Qazlal.
  3659 | D:4      | Became a worshipper of Qazlal Stormbringer
  3760 | D:5      | Entered Level 5 of the Dungeon
  3860 | D:5      | Noticed Grinder
  3860 | D:5      | Paralysed by Grinder for 3 turns
  3862 | D:5      | Noticed Prince Ribbit
  3865 | D:5      | Noticed Grinder
  3865 | D:5      | Grinder changed into Grinder the neqoxec
  3874 | D:5      | Killed Grinder the neqoxec
  3875 | D:5      | Reached skill level 6 in Axes
  3875 | D:5      | Reached skill level 1 in Dodging
  3875 | D:5      | Reached XP level 7. HP: 37/60 MP: 7/7
  4701 | D:5      | Reached skill level 5 in Armour
  4942 | D:5      | Reached skill level 5 in Fighting
  5061 | D:5      | Reached skill level 7 in Axes
  5103 | D:5      | Reached XP level 8. HP: 59/68 MP: 8/8
  5152 | D:5      | Noticed Edmund
  5166 | D:5      | Killed Edmund
  5193 | D:5      | Noticed Sigmund
  5203 | D:5      | Killed Sigmund
  5203 | D:5      | Reached * piety under Qazlal
  5613 | D:6      | Reached skill level 8 in Axes
  5932 | D:6      | Found a glowing golden altar of the Shining One.
  6273 | D:7      | Reached skill level 9 in Axes
  6277 | D:7      | Reached XP level 9. HP: 46/75 MP: 9/9
  6301 | D:6      | Reached skill level 1 in Stealth
  7487 | D:7      | Found a staircase to the Ecumenical Temple.
  7505 | D:7      | Noticed Maggie
  7516 | D:7      | Reached ** piety under Qazlal
  7525 | D:7      | Killed Maggie
  7526 | D:7      | Reached skill level 10 in Axes
  7584 | D:7      | Learned a level 3 spell: Summon Guardian Golem
  8390 | D:8      | Reached skill level 11 in Axes
  8461 | D:8      | Reached *** piety under Qazlal
  8462 | D:8      | Reached XP level 10. HP: 84/84 MP: 10/10
  8705 | D:8      | Noticed an elephant
  8706 | D:8      | Found a staircase to the Lair.
  8719 | D:8      | Killed an elephant
  8839 | D:8      | Reached skill level 12 in Axes
  9172 | D:9      | Found a sacrificial altar of Ru.
  9172 | D:9      | Noticed Joseph
  9198 | D:9      | Killed Joseph
  9553 | D:9      | Noticed a two-headed ogre
  9566 | D:9      | Killed a two-headed ogre
  9648 | D:9      | Paralysed by a centaur for 4 turns
  9975 | D:9      | Reached skill level 13 in Axes
 10247 | D:9      | Found Jaunurup's Assorted Antiques.
 10254 | D:9      | Bought a lightning rod (4/4) for 600 gold pieces
 10385 | D:10     | Entered Level 10 of the Dungeon
 10469 | D:10     | Got a polished ring mail
 10480 | D:10     | Identified the +1 ring mail of Patience {Rampage Str+3}
                  | (You found it on level 10 of the Dungeon)
 10519 | D:10     | Reached XP level 11. HP: 94/94 MP: 11/11
 10753 | D:10     | Noticed a two-headed ogre
 10761 | D:10     | Killed a two-headed ogre
 11132 | D:10     | Found Cenyudel's Jewellery Emporium.
 11148 | D:10     | Bought an uncursed amulet of the acrobat for 480 gold
                  | pieces
 11726 | D:11     | Reached **** piety under Qazlal
 11807 | D:11     | Found Wyej's Magic Scroll Shoppe.
 11813 | D:11     | Bought a scroll of summoning for 114 gold pieces
 12170 | D:12     | Noticed a cyclops
 12177 | D:12     | Killed a cyclops
 12326 | D:12     | Found a staircase to the Orcish Mines.
 12327 | D:12     | Found Ripox's Book Boutique.
 12352 | D:12     | Noticed a two-headed ogre
 12366 | D:12     | Killed a two-headed ogre
 12367 | D:12     | Reached skill level 14 in Axes
 12384 | D:12     | Killed an unseen horror
 12468 | D:12     | Found a runed translucent door.
 12468 | D:12     | Noticed Sverke's ghost (journeyman FoFi)
 12468 | D:12     | Noticed a storm dragon
 12629 | D:12     | Noticed an eight-headed hydra
 12639 | D:12     | Killed a nine-headed hydra
 12640 | D:12     | Reached skill level 1 in Evocations
 12655 | D:12     | Identified the ring "Wuhaxapp" {Ice *Drain +Blink Dex+4}
 12686 | D:12     | Noticed a wolf spider
 12692 | D:12     | Killed a wolf spider
 12721 | D:12     | Reached skill level 5 in Dodging
 12721 | D:12     | Reached XP level 12. HP: 51/106 MP: 12/12
 13117 | D:12     | Noticed a two-headed ogre
 13127 | D:12     | Killed a two-headed ogre
 13128 | D:12     | Reached skill level 15 in Axes
 13128 | D:12     | Reached skill level 10 in Shields
 13131 | D:12     | Reached skill level 10 in Fighting
 13144 | D:12     | Slain by a very large slime creature

Illustrated notes

Levels and vault maps discovered:
D:1:      lightli_arrival_statue_moat, layout_basic
D:2:      layout_loops_ring, gammafunk_temple_overflow_pools
D:3:      layout_loops_ring, lemuel_round_altar, roderic_lattice_a,
          roderic_serpentine_path, uniq_natasha
D:4:      layout_cave_pools, grunt_temple_overflow_diamond
D:5:      layout_loops_ring, nzn_random_ring, uniq_grinder, uniq_prince_ribbit1,
          uniq_sigmund, uniq_edmund
D:6:      layout_cave_pools, overflow_temple_1_default, grunt_ministairs_15
D:7:      layout_basic, minmay_temple_entry_glass, uniq_maggie
D:8:      layout_loops_ring, david_lair_generic
D:9:      minmay_polygon_palace, layout_basic, general_overflow_altar,
          serial_shops, shop, roderic_roman_lattice, hangedman_fish_farm,
          uniq_joseph
D:10:     layout_loops_ring, serial_shops, shop_coins, nicolae_benzene_ring,
          minmay_sticks_and_stones
D:11:     layout_loops_ring, serial_shops,
          nicolae_shop_temple_entry_statues_fountains
D:12:     minmay_the_grid_triangle_9x9_recursive_2_mashed
          [minmay_the_grid_triangle_9x9_prize_schism,
          minmay_the_grid_triangle_9x9_limited_checkers,
          minmay_the_grid_triangle_9x9_stretched_checkered,
          minmay_the_grid_triangle_9x9_swiss_cheese], layout_basic, orc_0_dummy,
          serial_shops, shop, ebering_ghost_inner_flame,
          minmay_misc_feat_hallway

Skill      XL: |  1  2  3  4  5  6  7  8  9 10 11 12 |
---------------+-------------------------------------+-----
Axes           | 3 4 5 6 7 9 11 13 14 15 | 15.1
Fighting       | 4 5 6 8 9 10 | 10.0
Shields        | 4 5 6 7 8 9 10 | 10.1
Armour         | 4 5 6 7 8 |  8.2
Dodging        | 1 2 3 4 5 |  5.1
Stealth        | 1 2 |  2.2
Evocations     | 2 |  2.3

Action                   |  1- 3 |  4- 6 |  7- 9 | 10-12 || total
-------------------------+-------+-------+-------+-------++-------
Melee: War axe           |   122 |   148 |   481 |   385 ||  1136
       Battleaxe         |       |       |       |    30 ||    30
Evoke: Wand              |       |     3 |     4 |     9 ||    16
       Lightning rod     |       |       |       |     1 ||     1
       Condenser vane    |       |       |       |     1 ||     1
  Use: Potion            |       |     2 |     8 |     1 ||    11
       Scroll            |       |       |       |     6 ||     6
Armor: Scale mail        |    87 |    85 |   233 |    55 ||   460
       Ring mail         |       |       |       |    56 ||    56
Dodge: Dodged            |    53 |    38 |   173 |   100 ||   364
Block: Kite shield       |    72 |    76 |   310 |   256 ||   714
       Other             |       |       |       |     2 ||     2
